 Dungeon Crawl Stone Soup version 0.27-a0-597-g524d869a0f (webtiles) character file.

Game seed: 513695694800982715

91 kae the Ruffian (level 4, -2/39 HPs)
             Began as a Naga Transmuter on Mar 11, 2021.
             Slain by a gnoll
             ... wielding a +0 spear
              (9 damage)
             ... on level 2 of the Dungeon.
             The game lasted 00:01:36 (2080 turns).

kae the Ruffian (Naga Transmuter)                   Turns: 2080, Time: 00:01:36

Health: -2/39      AC:  2    Str: 13    XL:     4   Next: 57%
Magic:  5/7        EV: 10    Int: 13    God:
Gold:   69         SH:  0    Dex: 14    Spells: 3/7 levels left

rFire    . . .     SeeInvis +     - Unarmed
rCold    + . .     Faith    .   (no shield)
rNeg     . . .     Spirit   .   a - +0 robe
rPois    +         Reflect  .   (no helmet)
rElec    .         Harm     .   (no cloak)
rCorr    .         Rampage  .   (no gloves)
Will     .....                  (no barding)
Stlth    ++........             (no amulet)
HPRegen  0.13/turn              b - ring of protection from cold
MPRegen  0.10/turn              (no ring)

@: short of breath, flying, very slow
A: large, fangs 1, thin skeletal structure 1, see invisible, deformed body,
poison resistance, slowness 2, spit poison 1, naga tail 1, AC +1
a: Spit Poison


You were on level 2 of the Dungeon.
You visited 1 branch of the dungeon, and saw 2 of its levels.

You collected 69 gold pieces.

Inventory:

Armour
 a - a +0 robe (worn)
Jewellery
 b - a ring of protection from cold (right hand)
Scrolls
 c - 2 scrolls of teleportation {unknown}
 e - a scroll of enchant armour {unknown}
 f - a scroll of noise {unknown}
 g - a scroll of random uselessness {unknown}
Potions
 d - a potion of flight


   Skills:
 + Level 1.7 Fighting
 + Level 1.9 Dodging
 * Level 3.7 Unarmed Combat
 + Level 2.3 Spellcasting
 * Level 2.9 Transmutations
 * Level 1.2 Poison Magic


You had 3 spell levels left.
You knew the following spells:

 Your Spells              Type           Power      Damage    Failure   Level
a - Beastly Appendage     Tmut           18%        N/A       8%          1
b - Spider Form           Tmut/Pois      3%         N/A       32%         3

Your spell library contained the following spells:

 Spells                   Type           Power      Damage    Failure   Level
 Wereblood                Tmut           9%         N/A       12%         2
 Ice Form                 Ice/Tmut       5%         N/A       80%         4
 Blade Hands              Tmut           4%         N/A       91%         5


Dungeon Overview and Level Annotations

Branches:
Dungeon (2/15)

Altars:
Ashenzari
Elyvilon
Wu Jian


Innate Abilities, Weirdness & Mutations

Your serpentine skin is tough. (AC +1)
You have supernaturally acute eyesight. (SInv)
Armour fits poorly on your strangely shaped body.
Your system is resistant to poisons. (rPois)
You cover ground very slowly.
You can spit poison.
You have a snake-like lower body.
You have very sharp teeth.
You have a somewhat thin skeletal structure. (Dex +2, Stealth)


Message History

The gnoll is severely wounded.
The gnoll completely misses you. The gnoll misses you.
You hit the gnoll.
The gnoll is moderately wounded.
You have got your breath back.
The gnoll closely misses you. The gnoll barely misses you.
The gnoll closely misses you.
You hit the gnoll.
You kill the gnoll!
The gnoll closely misses you. x2
You hit the gnoll but do no damage.
The gnoll is poisoned.
The gnoll is moderately wounded.
The gnoll closely misses you.
You completely miss the gnoll.
The gnoll is moderately wounded.
The gnoll misses you. The gnoll closely misses you.
The gnoll closely misses you. The gnoll barely misses you.
You see here a +2 whip of venom.
You hit the gnoll.
The gnoll is moderately wounded.
Your transformation has ended.
Your +0 robe unmelds from your body.
The gnoll hits you with a +0 whip! The gnoll hits you with a +0 spear.
You barely miss the gnoll.
The gnoll is moderately wounded.
The gnoll hits you with a +0 whip! The gnoll hits you with a +0 spear.
You hit the gnoll.
The gnoll is moderately wounded.
The gnoll hits you with a +0 whip. The gnoll hits you with a +0 spear.
Abil: Spit Poison
Press: ? - help, Q - select action, (/) - cycle Shift-Dir - straight line, f - gnoll
Aim: a gnoll, wielding a +0 whip (severely wounded, very poisoned)
The splash of poison hits the gnoll!
You kill the gnoll!
The gnoll hits you with a +0 spear.
* * * LOW HITPOINT WARNING * * *
It was a potion of flight.
You feel very buoyant.
You fly up into the air.
The gnoll hits you with a +0 spear!
You die...

#.# #.# ###.##
#.... #....
#.#.#
#.#.####.##
#####)#.......g
#....@g[.......
#.###.##.#...##
#.# #.##.# ###
#.# #.##.# #.#
#.##.#######
####.#
#.>)........
#....#
####.#######
#.####
##.#######..
#.#
#...........


You could see a gnoll.

Vanquished Creatures
  Robin (D:2)
  2 gnolls (D:2)
  An adder (D:2)
  A worm (D:2)
  2 dart slugs
  An orc (D:2)
  5 bats
  2 giant cockroaches (D:1)
  12 goblins
  4 hobgoblins
  A ball python (D:2)
  2 frilled lizards
  6 kobolds
  6 rats
46 creatures vanquished.

Notes
Turn   | Place    | Note
-------+----------+-------------------------------------------
     0 | D:1      | kae the Naga Transmuter began the quest for the Orb.
     0 | D:1      | Reached XP level 1. HP: 18/18 MP: 3/3
   306 | D:1      | Reached XP level 2. HP: 20/25 MP: 3/5
   771 | D:2      | Reached XP level 3. HP: 6/31 MP: 4/6
  1221 | D:2      | Learned a level 3 spell: Spider Form
  1228 | D:2      | Noticed Robin
  1233 | D:2      | Found a broken altar of Ashenzari.
  1237 | D:2      | Killed Robin
  1246 | D:2      | Gained mutation: You have very sharp teeth. [potion of
                  | mutation]
  1246 | D:2      | Gained mutation: You have a somewhat thin skeletal
                  | structure. (Dex +2, Stealth) [potion of mutation]
  1556 | D:2      | Reached XP level 4. HP: 25/38 MP: 7/7
  1712 | D:2      | Found an ornate altar of the Wu Jian Council.
  1883 | D:2      | Reached skill level 1 in Poison Magic
  2024 | D:2      | Found a white marble altar of Elyvilon.
  2080 | D:2      | Slain by a gnoll

Illustrated notes

Levels and vault maps discovered:
D:1:      dpeg_arrival_court, layout_rooms, serial_bayou_crossing
D:2:      layout_loops_ring, nzn_wu_jian_council_hall, marbit_many_paths,
          ashenzari_altar_1, chequers_serial_rivers_marsh, minmay_tetromino_l2,
          uniq_robin

Skill      XL: |  1  2  3  4 |
---------------+-------------+-----
Poison Magic   | 1 |  1.2
Fighting       | |  1.7
Dodging        | |  1.9
Unarmed Combat | |  3.7
Spellcasting   | |  2.3
Transmutations | |  2.9

Action                   |  1- 3 |  4- 6 || total
-------------------------+-------+-------++-------
Melee: Unarmed           |    73 |    24 ||    97
       Headbutt          |     4 |     6 ||    10
       Bite              |     1 |     1 ||     2
 Cast: Beastly Appendage |    15 |     6 ||    21
       Spider Form       |     1 |     1 ||     2
 Abil: Spit Poison       |    28 |     9 ||    37
  Use: Scroll            |     1 |       ||     1
       Potion            |     1 |     1 ||     2
Armor: Robe              |     9 |     4 ||    13
Dodge: Dodged            |    58 |    22 ||    80

Table legend: (Time is in decaauts)
 A = Elapsed time spent in this place.
 B = Non-inter-level travel time spent in this place.
 C = Inter-level travel time spent in this place.
 D = Time resting spent in this place.
 E = Time spent auto-exploring this place.
 F = Levels seen in this place.
 G = Mean time per level.
                   A        B        C        D        E       F      G
               +--------+--------+--------+--------+--------+-----+--------+
         Total |   2393 |   2378 |     15 |     67 |   2003 |   2 | 1196.5 |
       Dungeon |   2393 |   2378 |     15 |     67 |   2003 |   2 | 1196.5 |
               +--------+--------+--------+--------+--------+-----+--------+

Top non-repeatable levels by time:
     D:2: 1527 daAuts
     D:1: 866 daAuts
